 Dungeon Sprint DCSS version 0.26-a0-652-gafc20e3620 (webtiles) character file.

Game seed: 12095741380716250669

30 mhtbhm the Cutter (level 3, 0/39 HPs)
             Began as a Kobold Berserker on Oct 1, 2020.
             Was a Priest of Trog.
             Slain by a hound (4 damage)
             ... in the Dungeon (Sprint IX: "|||||||||||||||||||||||||||||").
             The game lasted 00:00:11 (100 turns).

mhtbhm the Cutter (Kobold Berserker)                 Turns: 100, Time: 00:00:12

Health: 0/39       AC:  2    Str: 15    XL:     3   Next: 37%
Magic:  3/3        EV: 16    Int:  8    God:    Trog [***...]
Gold:   0          SH:  0    Dex: 14    Spells: 2/2 levels left

rFire    . . .     SeeInvis .   a - +0 short sword
rCold    . . .     Faith    .   (shield restricted)
rNeg     . . .     Spirit   .   b - +0 animal skin
rPois    .         Reflect  .   (no helmet)
rElec    .         Harm     .   (no cloak)
rCorr    .         Rampage  .   (no gloves)
MR       .....     NoTele   +   (no boots)
Stlth    ..........             (no amulet)
HPRegen  0.13/turn              (no ring)
MPRegen  0.08/turn              (no ring)

@: berserking, very quick
A: small, nightstalker 3
a: Berserk, Trog's Hand, Renounce Religion


You were in the Dungeon.
You worshipped Trog.
Trog was most pleased with you.
You visited 1 branch

Inventory:

Hand Weapons
 a - a +0 short sword (weapon)
Armour
 b - a +0 animal skin (worn)
Scrolls
 h - a scroll of blinking
Potions
 c - a potion of curing
 d - a potion of heal wounds
 e - a potion of haste
 f - 2 potions of magic
 g - a potion of berserk rage


   Skills:
 + Level 5.1 Fighting
 + Level 6.3 Short Blades
 + Level 2.2 Armour
 + Level 3.4 Dodging
 + Level 1.6 Stealth


You had 2 spell levels left.
You didn't know any spells.
Your spell library was empty.

Dungeon Overview and Level Annotations

Branches:
Dungeon (1/1)

Altars:


Innate Abilities, Weirdness & Mutations

You are small and have problems with some larger weapons.
You are completely attuned to the shadows.


Message History

You hit the iguana.
The iguana is severely wounded.
The iguana barely misses you.
You puncture the iguana!
You kill the iguana!
Trog accepts your kill.
Your Fighting skill increases to level 5!
Your Short Blades skill gained 2 levels and is now at level 6!
Your Armour skill increases to level 2!
Your Dodging skill increases to level 3!
Your Stealth skill increases to level 1!
You have reached level 3!
Your experience leads to an increase in your attributes!
Increase (S)trength, (I)ntelligence, or (D)exterity?
You feel stronger.
Unknown command.
You hit the hound.
The hound is lightly wounded.
The hound bites you.
You die... ▓▓▓▓▓▓▓▓▓▓▓▓▓▓▓▓ ▓<...'))...@hrZ. ▓▓▓▓▓▓▓▓▓▓▓▓▓▓▓▓

You could see a hound, a quokka and a quokka skeleton.

Vanquished Creatures
  An iguana (D)
  A goblin (D)
  A kobold (D)
  A quokka (D)
  A ball python (D)
  A frilled lizard (D)
  A rat (D)
7 creatures vanquished.

Notes
Turn   | Place    | Note
-------+----------+-------------------------------------------
     0 | D        | mhtbhm the Kobold Berserker began the quest for the Orb.
     0 | D        | Reached XP level 1. HP: 14/14 MP: 1/1
    13 | D        | Banished a spatial maelstrom
    16 | D        | Reached ** piety under Trog
    85 | D        | Noticed an iguana
    86 | D        | Noticed a hound
    90 | D        | Reached XP level 2. HP: 19/20 MP: 2/2
    99 | D        | Reached *** piety under Trog
    99 | D        | Reached skill level 5 in Fighting
    99 | D        | Reached skill level 6 in Short Blades
    99 | D        | Reached skill level 1 in Stealth
    99 | D        | Reached XP level 3. HP: 4/26 MP: 3/3
   100 | D        | Slain by a hound

Illustrated notes

Levels and vault maps discovered:
D:        linesprint [early_d, line_temple, items_1, d_10, items_2, lair_1,
          lair_end, items_3, orc_1, orc_end, items_4, d_15, swamp_1, shoals_1,
          snake_1, spider_1, d_20, vaults_1, items_5, swamp_end, shoals_end,
          snake_end, spider_end, vaults_end, d_27, items_6, zot_1, zot_end,
          crypt_end, forest_end, elf_end, slime_end, tomb_end, abyss_end,
          pan_hell_end]

Skill      XL: |  1  2 |
---------------+-------+-----
Fighting       | 4 5 |  5.1
Short Blades   | 6 |  6.3
Armour         | 2 |  2.2
Dodging        | 3 |  3.4
Stealth        | 1 |  1.6

Action                   || total
-------------------------++-------
Melee: Short sword       ||    32
Invok: Berserk           ||     1
 Stab: Sleeping          ||     2
Armor: Animal skin       ||     1
Dodge: Dodged            ||    13

Table legend: (Time is in decaauts)
 A = Elapsed time spent in this place.
 B = Non-inter-level travel time spent in this place.
 C = Inter-level travel time spent in this place.
 D = Time resting spent in this place.
 E = Time spent auto-exploring this place.
 F = Levels seen in this place.
 G = Mean time per level.
                   A        B        C        D        E       F      G
               +--------+--------+--------+--------+--------+-----+--------+
         Total |     94 |     94 |      0 |     56 |      3 |   1 |   94.0 |
       Dungeon |     94 |     94 |      0 |     56 |      3 |   1 |   94.0 |
               +--------+--------+--------+--------+--------+-----+--------+

Top non-repeatable levels by time:
       D: 94 daAuts
